 Dungeon Crawl Stone Soup version 0.30-a0-626-gd6a5dd7a1f (webtiles) character file.

Game seed: 9029565374424020393

500 QueenGhuleh the Chopper (level 6, -2/81 (85) HPs)
             Began as a Minotaur Berserker on Jan 10, 2023.
             Was a Believer of Trog.
             Killed by divine providence
             ... invoked by an orc priest
              (15 damage)
             ... on level 3 of the Dungeon on Jan 11, 2023.
             The game lasted 00:04:16 (2557 turns).

QueenGhuleh the Chopper (Minotaur Berserker)        Turns: 2557, Time: 00:04:17

HP:   -2/81 (85)    AC:  2    Str: 24    XL:     6   Next: 94%
MP:   5/5           EV: 12    Int:  4    God:    Trog [**....]
Gold: 167           SH:  0    Dex:  9    Spells: 5/5 levels left

rFire   . . .      SeeInvis .    o - +0 scythe
rCold   . . .      Faith    .    (shield currently unavailable)
rNeg    . . .      Spirit   .    b - +0 animal skin
rPois   .          Reflect  .    (helmet restricted)
rElec   .          Harm     .    (no cloak)
rCorr   .          Rampage  .    (no gloves)
Will    .....                    (no boots) Stlth
                                 (no amulet)
HPRegen 0.33/turn                (no ring)
MPRegen 0.09/turn                (no ring)

@: berserking (expiring), drained, very quick
A: horns 2, retaliatory headbutt
a: Renounce Religion, Berserk, Trog's Hand


You were on level 3 of the Dungeon.
You worshipped Trog.
Trog was pleased with you.
You visited 1 branch of the dungeon, and saw 3 of its levels.

You collected 167 gold pieces.

Inventory:

Hand Weapons
 a - a +0 hand axe
 o - a +0 scythe (weapon)
 p - the +10 morningstar "Geaxonus" {antimagic, Fly rF+ rC+ Str+4}
   (You found it on level 3 of the Dungeon)

   Str:       It affects your strength (+4).
   rF:        It protects you from fire.
   rC:        It protects you from cold.
   Fly:       It grants you flight.
Missiles
 d - a throwing net (quivered)
Armour
 b - a +0 animal skin (worn)
Jewellery
 j - an amulet of reflection
 m - a ring of protection from cold
 v - an amulet of magic regeneration
Wands
 s - a wand of roots (2)
Scrolls
 c - 2 scrolls of fog {unknown}
 f - 2 scrolls of amnesia {unknown}
 g - 2 scrolls of identify {unknown}
 i - 2 scrolls of enchant armour {unknown}
 q - a scroll of immolation {unknown}
 r - 2 scrolls of teleportation {unknown}
Potions
 e - a potion of invisibility {unknown}
 h - a potion of magic {unknown}
 k - a potion of haste {unknown}
 l - 3 potions of mutation {unknown}
 n - a potion of heal wounds {unknown}
 t - 2 potions of berserk rage {unknown}
 u - a potion of resistance {unknown}


   Skills:
 + Level 6.2 Fighting
 + Level 6.4(6.5) Axes
 + Level 1.1(4.1) Polearms
 + Level 2.6 Armour
 + Level 3.5 Dodging
 + Level 2.0 Stealth


You had 5 spell levels left.
You didn't know any spells.
Your spell library was empty.

Dungeon Overview and Level Annotations

Branches:
Dungeon (3/15)

Altars:

Shops:
D:2 ?

Annotations:
D:2 1 runed translucent door, Crazy Yiuf


Innate Abilities, Weirdness & Mutations

You have a pair of horns on your head.
You reflexively headbutt those who attack you in melee.


Message History

The orc hits you with a +0 hand axe!
You puncture the orc!
You kill the orc!
Trog accepts your kill.
The orc priest mumbles some strange prayers to Beogh against you.
Beogh smites you!
You reach to attack!
You closely miss the orc priest. You slash the orc priest!
The orc priest is almost dead.
The orc priest mumbles some strange prayers to Beogh against you.
Beogh smites you! The orc hits you with a +0 hand axe.
You are too injured to fight recklessly!
You are too injured to fight recklessly!
You are too injured to fight recklessly!
You are too injured to fight recklessly!
A red film seems to cover your vision as you go berserk!
You feel yourself moving faster!
You feel mighty! The orc priest hits you with a +0 club.
The orc hits you with a +0 hand axe.
You closely miss the orc. The orc priest barely misses you.
The orc hits you with a +0 hand axe.
You barely miss the orc.
The orc priest invokes the aid of Beogh against you.
Pain shoots through your body! The orc hits you with a +0 hand axe.
* * * LOW HITPOINT WARNING * * *
You closely miss the orc. The orc priest hits you with a +0 club.
* * * LOW HITPOINT WARNING * * *
The orc closely misses you.
You closely miss the orc. You headbutt the orc.
The orc is severely wounded.
The orc priest begins to cast a cantrip, but forgets the words!
The orc hits you with a +0 hand axe.
* * * LOW HITPOINT WARNING * * *
You closely miss the orc.
The orc is severely wounded.
You slice the orc!!
You kill the orc!
Trog accepts your kill.
The orc priest mumbles some strange prayers to Beogh against you.
Beogh smites you!
You die...

#.####.#.# ###....#
####..##..#.######......#
........................#
######...##.######.#....#
#...# .# #.#....# #...#
.# #.#....# ..#.##.
#.#....##
..##......####.......#
#.# ##..#...o@..P~.~..#
.. .#..###o†#.~~~~~# ..
...# #..#...~~~.# ###.#
#.##..~~~~.# ....# ..
.P.....# ###.. #..
..?...## ... ####### ##..


You could see an orc priest and an orc.

Vanquished Creatures
  Grinder (D:3)
  Sigmund (D:3)
  A hound zombie (D:3)
  2 adders (D:3)
  An adder skeleton (D:3)
  A worm (D:2)
  2 dart slugs
  9 orcs (D:3)
  4 endoplasms
  4 giant cockroaches
  7 goblins
  6 hobgoblins
  A quokka (D:1)
  3 ball pythons (D:2)
  A ball python zombie (D:3)
  9 bats
  4 frilled lizards (D:1)
  5 kobolds
  A quokka zombie (D:3)
  2 rats
65 creatures vanquished.

Vanquished Creatures (others)
  2 fungi (D:2)
2 creatures vanquished.

Grand Total: 67 creatures vanquished

Notes
Turn   | Place    | Note
-------+----------+-------------------------------------------
     0 | D:1      | QueenGhuleh the Minotaur Berserker began the quest for the
                  | Orb.
     0 | D:1      | Reached XP level 1. HP: 19/19 MP: 0/0
   334 | D:1      | Reached XP level 2. HP: 23/27 MP: 1/1
   471 | D:1      | Upgraded the game from 0.30-a0-622-gddc90eaa04 to
                  | 0.30-a0-626-gd6a5dd7a1f
  1012 | D:2      | Found Yleo's Magic Scroll Emporium.
  1196 | D:2      | Reached ** piety under Trog
  1197 | D:2      | Reached XP level 3. HP: 34/34 MP: 2/2
  1216 | D:2      | Identified the +7 short sword "Qucwa" {vamp, *Rage rN+
                  | Int+8}
  1312 | D:2      | Found a faded altar of an unknown god.
  1573 | D:2      | Found a runed translucent door.
  1574 | D:2      | Noticed Crazy Yiuf
  1978 | D:3      | Noticed Sigmund
  1988 | D:3      | Killed Sigmund
  1989 | D:3      | Reached skill level 5 in Fighting
  1989 | D:3      | Reached skill level 5 in Axes
  1989 | D:3      | Reached skill level 1 in Stealth
  1989 | D:3      | Reached XP level 4. HP: 44/44 MP: 3/3
  1989 | D:3      | Reached XP level 5. HP: 50/50 MP: 4/4
  1991 | D:3      | Identified the +10 morningstar "Geaxonus" {antimagic, Fly
                  | rF+ rC+ Str+4}
  2180 | D:3      | Noticed Grinder
  2184 | D:3      | Paralysed by Grinder for 3 turns
  2190 | D:3      | Paralysed by Grinder for 4 turns
  2196 | D:3      | Reached XP level 6. HP: 40/57 MP: 5/5
  2202 | D:3      | Killed Grinder
  2495 | D:3      | Reached skill level 1 in Polearms
  2557 | D:3      | Killed from afar by an orc priest

Illustrated notes

Levels and vault maps discovered:
D:1:      dpeg_arrival_three_same_balls, layout_loops_corners,
          minmay_heptomino_l4
D:2:      layout_loops_corners, shapermc_ecumenical_altar_flowoftime,
          serial_shops, nicolae_square_shop, uniq_crazy_yiuf_cottage
D:3:      minmay_general_purpose_star, layout_rooms, serial_undead,
          serial_undead_d, serial_undead_e, serial_undead_c, serial_undead_f,
          uniq_natasha, uniq_grinder, uniq_sigmund

Skill      XL: |  1  2  3  4  5  6 |
---------------+-------------------+-----
Axes           | 4 5 6 |  6.4
Fighting       | 4 5 6 |  6.2
Dodging        | 3 |  3.5
Stealth        | 1 2 |  2.0
Polearms       | 1 |  1.1
Armour         | |  2.6

Action                   |  1- 3 |  4- 6 || total
-------------------------+-------+-------++-------
Melee: Hand axe          |    97 |     5 ||   102
       Headbutt          |     9 |     3 ||    12
       Punch             |     1 |       ||     1
       Halberd           |       |    52 ||    52
Invok: Berserk           |     1 |     2 ||     3
 Stab: Sleeping          |       |     1 ||     1
Armor: Animal skin       |    19 |     7 ||    26
Dodge: Dodged            |    56 |    27 ||    83

Table legend: (Time is in decaauts)
 A = Elapsed time spent in this place.
 B = Non-inter-level travel time spent in this place.
 C = Inter-level travel time spent in this place.
 D = Time resting spent in this place.
 E = Time spent auto-exploring this place.
 F = Levels seen in this place.
 G = Mean time per level.
                   A        B        C        D        E       F      G
               +--------+--------+--------+--------+--------+-----+--------+
         Total |   2592 |   2536 |     56 |      0 |   2121 |   3 |  864.0 |
       Dungeon |   2592 |   2536 |     56 |      0 |   2121 |   3 |  864.0 |
               +--------+--------+--------+--------+--------+-----+--------+

Top non-repeatable levels by time:
     D:1: 1003 daAuts
     D:2: 948 daAuts
     D:3: 641 daAuts
